[ AOE2 MATCH · #468614116 ]
1v1 RMMongols vs Mapuche
Player's team · LOSS
Rival team · WIN
[ REPLAY ANALYSIS · EXTRACTED FROM THE RECORDED GAME ]
Feudal
8:02
Castle
19:52
Imperial
—
| APM avg | 40.4 |
| APM peak | 77 |
| eAPM avg | 18.8 |
| Villagers / military | 108 / 54 |
Focus
⚔️ 23.2% · 🌾 76.8%
Archer ×30 · Skirmisher ×7 · Knight ×4 · Steppe Lancer ×4 · Mangudai ×3 · Scout Cavalry ×3
Feudal
9:15
Castle
22:01
Imperial
40:52
| APM avg | 31.9 |
| APM peak | 85 |
| eAPM avg | 17.5 |
| Villagers / military | 120 / 79 |
Focus
⚔️ 27.1% · 🌾 72.9%
Skirmisher ×34 · Bolas Rider ×33 · Unknown (2550) ×7 · Spearman ×5 · Archer ×4 · Monk ×3
Match map
Initial resources + every placement click. Lines = walls · curves = elevation contours. ◆ gold · ⬟ stone · ● berries · ✦ relic · ◌ wall gap
Your base· ✓ Closed at 19:52 · 18t walls · no gate
jf's base· ✓ Closed at 22:01 · 72t walls · 1 gate(s)
Smoothed initial terrain · ◌ = detected wall gap · hover for details
Inputs per minute
— Dr.acula - - jf
Build order — Dr.acula
First 150 of 291 actions detected
| 0:00 | Create | Villager (Male) |
| 0:01 | Create | Villager (Male) |
| 0:02 | Build | House |
| 0:04 | Build | House |
| 0:23 | Create | Villager (Male) |
| 0:43 | Create | Villager (Male) |
| 1:28 | Create | Villager (Male) |
| 2:00 | Create | Villager (Male) |
| 2:11 | Build | Lumber Camp |
| 2:17 | Create | Villager (Male) |
| 2:18 | Create | Villager (Male) |
| 2:42 | Create | Villager (Male) |
| 3:05 | Create | Villager (Male) |
| 3:30 | Build | House |
| 3:37 | Create | Villager (Male) |
| 3:55 | Create | Villager (Male) |
| 4:05 | Create | Villager (Male) |
| 4:40 | Build | Mill |
| 4:43 | Create | Villager (Male) |
| 5:11 | Create | Villager (Male) |
| 5:44 | Create | Villager (Male) |
| 5:52 | Research | Feudal Age |
| 7:02 | Build | Barracks |
| 7:19 | Research | Loom |
| 7:19 | Create | Villager (Male) |
| 7:45 | Build | House |
| 8:02 | Age | Feudal Age |
| 8:09 | Build | Stable |
| 8:23 | Create | Spearman |
| 8:34 | Research | Double-Bit Axe |
| 8:38 | Build | House |
| 8:40 | Create | Villager (Male) |
| 9:01 | Create | Scout Cavalry |
| 9:14 | Create | Scout Cavalry |
| 9:17 | Create | Villager (Male) |
| 9:25 | Build | House |
| 9:26 | Build | Palisade Wall |
| 9:30 | Build | Archery Range |
| 9:32 | Build | Palisade Wall |
| 9:38 | Build | Farm |
| 9:43 | Create | Villager (Male) |
| 9:57 | Create | Scout Cavalry |
| 10:08 | Build | House |
| 10:15 | Build | Palisade Wall |
| 10:16 | Create | Villager (Male) |
| 10:18 | Build | Farm |
| 10:22 | Build | Farm |
| 10:34 | Create | Villager (Male) |
| 10:47 | Build | Mining Camp |
| 10:49 | Create | Skirmisher |
| 10:59 | Build | Farm |
| 11:13 | Create | Villager (Male) |
| 11:17 | Build | Farm |
| 11:21 | Build | House |
| 11:22 | Build | Palisade Wall |
| 11:38 | Create | Archer |
| 11:42 | Create | Villager (Male) |
| 12:05 | Create | Villager (Male) |
| 12:27 | Build | Farm |
| 12:31 | Create | Villager (Male) |
| 12:36 | Build | Farm |
| 12:38 | Build | Farm |
| 12:49 | Build | House |
| 12:56 | Build | Blacksmith |
| 12:56 | Create | Villager (Male) |
| 12:59 | Build | Palisade Wall |
| 13:05 | Create | Villager (Male) |
| 13:11 | Create | Archer |
| 13:14 | Create | Villager (Male) |
| 13:17 | Build | House |
| 13:18 | Build | House |
| 13:22 | Build | Palisade Wall |
| 13:26 | Create | Villager (Male) |
| 13:30 | Build | Farm |
| 13:45 | Create | Archer |
| 13:57 | Research | Fletching |
| 14:02 | Create | Villager (Male) |
| 14:15 | Create | Villager (Male) |
| 14:24 | Create | Archer |
| 14:38 | Create | Villager (Male) |
| 14:41 | Build | Farm |
| 14:44 | Build | Farm |
| 14:53 | Create | Villager (Male) |
| 15:35 | Build | Farm |
| 15:41 | Build | Farm |
| 15:43 | Build | Farm |
| 15:55 | Build | Farm |
| 15:57 | Build | Farm |
| 16:17 | Create | Skirmisher |
| 16:34 | Build | Farm |
| 16:51 | Create | Skirmisher |
| 17:12 | Research | Castle Age |
| 17:45 | Create | Skirmisher |
| 17:45 | Create | Skirmisher |
| 17:51 | Research | Bloodlines |
| 17:56 | Build | Lumber Camp |
| 18:07 | Research | Gold Mining |
| 18:16 | Create | Skirmisher |
| 18:29 | Research | Padded Archer Armor |
| 18:34 | Create | Archer |
| 18:51 | Create | Skirmisher |
| 19:06 | Create | Archer |
| 19:17 | Research | Scale Barding Armor |
| 19:26 | Create | Villager (Male) |
| 19:30 | Create | Archer |
| 19:52 | Age | Castle Age |
| 20:01 | Create | Steppe Lancer |
| 20:01 | Create | Steppe Lancer |
| 20:53 | Create | Villager (Male) |
| 20:54 | Create | Villager (Male) |
| 21:10 | Build | House |
| 21:11 | Research | Bow Saw |
| 21:35 | Create | Steppe Lancer |
| 21:45 | Build | House |
| 21:53 | Create | Villager (Male) |
| 21:54 | Create | Villager (Male) |
| 22:12 | Build | Market |
| 22:17 | Build | House |
| 22:18 | Create | Villager (Male) |
| 22:20 | Build | Farm |
| 22:20 | Create | Villager (Male) |
| 22:36 | Create | Steppe Lancer |
| 22:47 | Create | Villager (Male) |
| 22:54 | Create | Villager (Male) |
| 23:13 | Create | Villager (Male) |
| 23:18 | Build | Lumber Camp |
| 23:24 | Create | Knight |
| 24:11 | Research | Horse Collar |
| 24:13 | Create | Villager (Male) |
| 24:25 | Build | Palisade Wall |
| 24:27 | Build | Palisade Wall |
| 24:32 | Create | Villager (Male) |
| 24:36 | Build | House |
| 24:43 | Build | Siege Workshop |
| 24:46 | Create | Knight |
| 24:46 | Create | Knight |
| 24:52 | Create | Villager (Male) |
| 25:06 | Build | Town Center |
| 25:07 | Create | Villager (Male) |
| 25:22 | Create | Villager (Male) |
| 25:32 | Create | Villager (Male) |
| 25:34 | Build | House |
| 25:41 | Build | House |
| 25:49 | Build | Town Center |
| 25:52 | Create | Villager (Male) |
| 25:59 | Create | Villager (Male) |
| 26:01 | Build | House |
| 26:02 | Create | Villager (Male) |
| 26:08 | Build | House |
| 26:16 | Create | Mangonel |
Build order — jf
First 150 of 345 actions detected
| 0:02 | Create | Villager (Male) |
| 0:02 | Create | Villager (Male) |
| 0:03 | Build | House |
| 0:04 | Build | House |
| 0:22 | Create | Villager (Male) |
| 0:22 | Create | Villager (Male) |
| 1:29 | Create | Villager (Male) |
| 1:54 | Build | Settlement |
| 2:05 | Create | Villager (Male) |
| 2:35 | Create | Villager (Male) |
| 3:02 | Create | Villager (Male) |
| 3:26 | Create | Villager (Male) |
| 3:26 | Create | Villager (Male) |
| 3:57 | Create | Villager (Male) |
| 4:28 | Create | Villager (Male) |
| 4:28 | Create | Villager (Male) |
| 5:11 | Create | Villager (Male) |
| 5:11 | Create | Villager (Male) |
| 5:33 | Build | Settlement |
| 5:45 | Create | Villager (Male) |
| 6:25 | Research | Loom |
| 7:05 | Research | Feudal Age |
| 7:24 | Build | Barracks |
| 8:33 | Create | Villager (Male) |
| 8:41 | Build | House |
| 8:46 | Create | Unit 2550 |
| 9:15 | Age | Feudal Age |
| 9:17 | Create | Spearman |
| 9:20 | Create | Spearman |
| 9:21 | Create | Spearman |
| 9:32 | Build | Archery Range |
| 9:48 | Build | Farm |
| 9:50 | Research | Double-Bit Axe |
| 10:03 | Create | Villager (Male) |
| 10:10 | Build | Farm |
| 10:27 | Create | Villager (Male) |
| 10:54 | Build | Palisade Wall |
| 11:01 | Create | Villager (Male) |
| 11:19 | Create | Spearman |
| 11:19 | Create | Villager (Male) |
| 11:37 | Create | Archer |
| 11:38 | Create | Villager (Male) |
| 11:42 | Build | Blacksmith |
| 11:46 | Build | Palisade Wall |
| 11:48 | Build | Palisade Wall |
| 11:55 | Build | House |
| 12:01 | Create | Spearman |
| 12:08 | Build | House |
| 12:17 | Create | Villager (Male) |
| 12:44 | Create | Archer |
| 12:45 | Create | Villager (Male) |
| 12:52 | Research | Fletching |
| 12:59 | Build | Palisade Wall |
| 13:02 | Build | Palisade Wall |
| 13:09 | Create | Villager (Male) |
| 13:22 | Build | Palisade Wall |
| 13:28 | Create | Villager (Male) |
| 13:30 | Create | Archer |
| 13:44 | Build | Farm |
| 13:45 | Build | Farm |
| 13:46 | Create | Villager (Male) |
| 13:50 | Create | Archer |
| 13:59 | Create | Skirmisher |
| 14:25 | Create | Skirmisher |
| 14:39 | Build | House |
| 14:42 | Build | House |
| 14:48 | Build | Farm |
| 14:50 | Build | Farm |
| 14:56 | Create | Skirmisher |
| 15:05 | Build | House |
| 15:06 | Build | House |
| 15:08 | Build | House |
| 15:13 | Research | Scale Mail Armor |
| 15:27 | Create | Villager (Male) |
| 15:31 | Build | Farm |
| 15:31 | Build | Farm |
| 15:54 | Create | Skirmisher |
| 16:01 | Create | Villager (Male) |
| 16:13 | Build | Farm |
| 16:14 | Build | Farm |
| 16:20 | Build | Palisade Wall |
| 16:21 | Build | Palisade Gate |
| 16:23 | Build | House |
| 16:33 | Create | Villager (Male) |
| 16:38 | Build | Farm |
| 16:39 | Build | Farm |
| 16:52 | Create | Villager (Male) |
| 17:27 | Create | Villager (Male) |
| 17:34 | Build | Farm |
| 17:37 | Build | Farm |
| 17:39 | Build | Farm |
| 17:41 | Build | Farm |
| 17:57 | Create | Villager (Male) |
| 18:09 | Create | Villager (Male) |
| 18:12 | Build | Market |
| 18:38 | Build | Farm |
| 18:49 | Create | Villager (Male) |
| 18:55 | Build | House |
| 18:58 | Build | Palisade Wall |
| 19:21 | Research | Castle Age |
| 20:32 | Build | House |
| 20:34 | Build | Farm |
| 20:56 | Build | Archery Range |
| 21:00 | Build | Palisade Wall |
| 21:02 | Build | Palisade Wall |
| 21:08 | Build | Archery Range |
| 21:13 | Research | Horse Collar |
| 21:17 | Research | Gold Mining |
| 21:44 | Build | Palisade Wall |
| 21:48 | Build | Palisade Wall |
| 21:51 | Research | Padded Archer Armor |
| 22:01 | Age | Castle Age |
| 22:01 | Research | Horse Collar |
| 22:03 | Research | Bow Saw |
| 22:04 | Create | Villager (Male) |
| 22:05 | Create | Villager (Male) |
| 22:09 | Create | Bolas Rider ×2 |
| 22:15 | Research | Bodkin Arrow |
| 22:18 | Build | Palisade Wall |
| 22:21 | Build | Palisade Wall |
| 22:25 | Create | Bolas Rider |
| 22:27 | Create | Villager (Male) |
| 22:34 | Build | House |
| 22:35 | Build | House |
| 22:39 | Build | House |
| 22:51 | Create | Bolas Rider ×2 |
| 22:52 | Create | Villager (Male) |
| 22:59 | Create | Villager (Male) |
| 23:08 | Create | Bolas Rider |
| 23:08 | Create | Bolas Rider |
| 23:10 | Create | Villager (Male) |
| 23:18 | Build | House |
| 23:29 | Create | Bolas Rider ×2 |
| 23:39 | Create | Bolas Rider |
| 23:41 | Create | Villager (Male) |
| 23:58 | Create | Bolas Rider ×2 |
| 24:04 | Create | Villager (Male) |
| 24:15 | Build | Farm |
| 24:18 | Create | Bolas Rider |
| 24:20 | Create | Villager (Male) |
| 24:30 | Research | Leather Archer Armor |
| 24:32 | Create | Bolas Rider |
| 24:51 | Create | Bolas Rider ×2 |
| 24:52 | Create | Villager (Male) |
| 24:52 | Create | Villager (Male) |
| 25:07 | Build | Farm |
| 25:13 | Create | Bolas Rider ×2 |
| 25:21 | Build | Palisade Wall |
| 25:23 | Build | Palisade Wall |
| 25:34 | Create | Bolas Rider |
Match timeline
| 7:02 | Dr.acula · first_building Barracks |
| 7:24 | jf · first_building Barracks |
| 8:02 | Dr.acula · age_up feudal |
| 8:09 | Dr.acula · first_building Stable |
| 9:15 | jf · age_up feudal |
| 9:26 | Dr.acula · wall_segment Palisade Wall x1 |
| 9:30 | Dr.acula · first_building Archery Range |
| 9:32 | jf · first_building Archery Range |
| 9:32 | Dr.acula · wall_segment Palisade Wall x2 |
| 10:15 | Dr.acula · wall_segment Palisade Wall x13 |
| 10:54 | jf · wall_segment Palisade Wall x7 |
| 11:22 | Dr.acula · wall_segment Palisade Wall x1 |
| 11:46 | jf · wall_segment Palisade Wall x12 |
| 11:48 | jf · wall_segment Palisade Wall x9 |
| 12:59 | jf · wall_segment Palisade Wall x10 |
| 12:59 | Dr.acula · wall_segment Palisade Wall x1 |
| 13:02 | jf · wall_segment Palisade Wall x13 |
| 13:22 | Dr.acula · wall_segment Palisade Wall x1 |
| 13:22 | jf · wall_segment Palisade Wall x3 |
| 16:20 | jf · wall_segment Palisade Wall x12 |
| 18:58 | jf · wall_segment Palisade Wall x3 |
| 19:09 | jf · first_market_buy 100 food |
| 19:52 | Dr.acula · age_up castle |
| 21:00 | jf · wall_segment Palisade Wall x2 |
| 21:02 | jf · wall_segment Palisade Wall x2 |
| 21:44 | jf · wall_segment Palisade Wall x1 |
| 21:48 | jf · wall_segment Palisade Wall x1 |
| 22:01 | jf · age_up castle |
| 22:18 | jf · wall_segment Palisade Wall x1 |
| 22:21 | jf · wall_segment Palisade Wall x1 |
| 24:25 | Dr.acula · wall_segment Palisade Wall x1 |
| 24:27 | Dr.acula · wall_segment Palisade Wall x1 |
| 24:43 | Dr.acula · first_building Siege Workshop |
| 25:21 | jf · wall_segment Palisade Wall x1 |
| 25:23 | jf · wall_segment Palisade Wall x9 |
| 27:18 | jf · wall_segment Stone Wall x1 |
| 30:56 | Dr.acula · first_market_buy 100 wood |
| 32:36 | jf · first_building Siege Workshop |
| 32:46 | jf · first_building Monastery |
| 33:35 | Dr.acula · first_building Castle |
| 35:37 | Dr.acula · first_market_sell 100 stone |
| 37:30 | jf · first_market_sell 100 wood |
| 38:53 | jf · first_building Castle |
| 40:52 | jf · age_up imperial |
| 41:51 | Dr.acula · resign |
[ AI ANALYSIS · 1 CREDIT ]
What really happened in this match?
Wolo.gg analyzes every decision: build order, eco, micro, common mistakes by bracket. Personalized analysis on WhatsApp or Discord in 30 seconds.
Civ guide
Mongols
Map guide
Arabia
Perfil
Jugador #456186